 Dungeon Crawl Stone Soup version 0.25.0-26-g0c896c7088 (webtiles) character file.

Game seed: 3673795120389416828

118 protoss039 the Digger (level 4, -1/24 HPs)
             Began as a Deep Elf Earth Elementalist on June 30, 2020.
             Killed from afar by a white imp (11 damage)
             ... with a puff of frost
             ... summoned by Natasha
             ... on level 2 of the Dungeon.
             The game lasted 00:03:53 (1389 turns).

protoss039 the Digger (Deep Elf Earth Elementalist) Turns: 1389, Time: 00:03:53

Health: -1/24      AC:  2    Str:  5    XL:     4   Next: 72%
Magic:  1/12       EV: 13    Int: 21    God:
Gold:   43         SH:  0    Dex: 15    Spells: 6/12 levels left

rFire    . . .     SeeInvis .   g - +0 dagger
rCold    . . .     Gourm    .   (no shield)
rNeg     . . .     Faith    .   c - +0 robe
rPois    .         Spirit   .   (no helmet)
rElec    .         Reflect  .   (no cloak)
rCorr    .         Harm     .   (no gloves)
MR       .....                  (no boots)
Stlth    ++........             (no amulet)
HPRegen  0.08/turn              (no ring)
MPRegen  0.13/turn              (no ring)

@: no status effects
A: no striking features
a: no special abilities


You were on level 2 of the Dungeon.
You were not hungry.

You visited 1 branch of the dungeon, and saw 2 of its levels.

You collected 43 gold pieces.

Inventory:

Hand Weapons
 g - a +0 dagger (weapon)
Armour
 c - a +0 robe (worn)
Scrolls
 e - 4 scrolls of identify {unknown}
 h - a scroll of blinking {unknown}
Potions
 f - a potion of resistance {unknown}
 i - a potion of curing {unknown}
 j - a potion of haste {unknown}
Comestibles
 d - 3 rations


   Skills:
 - Level 2.4 Dodging
 - Level 2.4 Stealth
 * Level 4.9 Spellcasting
 + Level 1.1 Transmutations
 * Level 5.1 Earth Magic


You had 6 spell levels left.
You knew the following spells:

 Your Spells              Type           Power        Failure   Level  Hunger
a - Sandblast             Erth           ####..       1%          1    None
b - Passwall              Tmut/Erth      ###.....     4%          2    None
c - Stone Arrow           Conj/Erth      ###...       12%         3    ##.....

Your spell library contained the following spells:

 Spells                   Type           Power        Failure   Level  Hunger
 Petrify                  Tmut/Erth      ###.....     30%         4    ####...
 Lee's Rapid Deconstruct  Erth           ####......   36%         5    #####..


Dungeon Overview and Level Annotations

Branches:
Dungeon (2/15)

Altars:

Annotations:
D:2 Natasha


Message History

Aiming: Stone Arrow (quite dangerous; 12% risk of failure)
Press: ? - help, Shift-Dir - straight line, f - Natasha
Aim: Natasha The stone arrow hits Natasha!
Natasha is severely wounded.
Unknown command.
Casting: Stone Arrow (quite dangerous; 12% risk of failure)
Confirm with . or Enter, or press ? or * to list all spells.
The spell is quite dangerous to cast (12% risk of failure)!
Continue anyway?
Aiming: Stone Arrow (quite dangerous; 12% risk of failure)
Press: ? - help, Shift-Dir - straight line, f/p - Natasha
Aim: Natasha (severely wounded)
The stone arrow misses Natasha.
The stone arrow misses the goblin.
Unknown command.
Natasha mumbles some strange words.
The white imp hits you. The white imp freezes you.
You see here a rat corpse.
The white imp gestures at you. The puff of frost hits you!
You die...

.÷........### .#
÷<...........######## ..#
.)..†.....##......... ...#
...<...............! ....#
.................######.....#
....g....#..#....##.)....#
.$..ggg..#..g.5..#..###..#
........##.#...†.#)###..##
.....g.........h@.......#
.....)...#..........##.##
...........###..#####
...........).<..#
.........##.##.......
.........## ....#...
........## .>........
........... #?..........


You could see Natasha, a white imp (summoned) and a goblin.

Vanquished Creatures
  Natasha (D:2)
  Robin (D:2)
  3 gnolls
  2 adders (D:2)
  A dart slug (D:1)
  11 goblins
  4 hobgoblins
  2 jackals (D:2)
  5 bats
  A kobold (D:1)
  6 rats
37 creatures vanquished.

Notes
Turn   | Place    | Note
-------+----------+-------------------------------------------
     0 | D:1      | protoss039 the Deep Elf Earth Elementalist began the quest
                  | for the Orb.
     0 | D:1      | Reached XP level 1. HP: 10/10 MP: 6/6
   145 | D:1      | Reached XP level 2. HP: 15/15 MP: 6/8
   307 | D:1      | Reached skill level 4 in Earth Magic
   671 | D:2      | Learned a level 2 spell: Passwall
   691 | D:2      | Reached XP level 3. HP: 19/19 MP: 6/10
   733 | D:2      | Noticed Robin
  1077 | D:2      | Noticed Natasha
  1080 | D:2      | Killed Natasha
  1080 | D:2      | Reached XP level 4. HP: 24/24 MP: 7/12
  1087 | D:2      | Killed Robin
  1111 | D:1      | Reached skill level 5 in Earth Magic
  1286 | D:2      | Learned a level 3 spell: Stone Arrow
  1381 | D:2      | Noticed Natasha
  1389 | D:2      | Killed from afar by a white imp

Illustrated notes

Levels and vault maps discovered:
D:1:      saegor_arrival_simple_b, layout_basic
D:2:      layout_rooms, bloody_makhleb, uniq_robin, uniq_natasha

Skill      XL: |  1  2  3  4 |
---------------+-------------+-----
Earth Magic    | 4 5 |  5.1
Spellcasting   | 4 |  4.9
Dodging        | |  2.4
Stealth        | |  2.4
Transmutations | |  1.1

Action                   |  1- 3 |  4- 6 || total
-------------------------+-------+-------++-------
Melee: Dagger            |       |    54 ||    54
 Cast: Sandblast         |    34 |     5 ||    39
       Stone Arrow       |       |     7 ||     7
  Eat: Chunk             |       |     2 ||     2
Armor: Robe              |     3 |     6 ||     9
Dodge: Dodged            |    12 |    29 ||    41
